 Dungeon Crawl Stone Soup version 0.20-a0-19-gd4fea00 (webtiles) character file.

952 KristoblXynda the Conjurer (level 7, -1/52 HPs)
             Began as a Yellow Draconian Conjurer on Nov 7, 2016.
             Was an Initiate of Vehumet.
             Slain by a slave (6 damage)
             ... led by Pikel
             ... on level 5 of the Dungeon.
             The game lasted 00:12:30 (6140 turns).

KristoblXynda the Conjurer (DrCj)                   Turns: 6140, Time: 00:12:30

Health: -1/52      AC:  9    Str:  8    XL:     7   Next: 90%
Magic:  16/30      EV: 13    Int: 19    God:    Vehumet [......]
Gold:   268        SH:  0    Dex: 12    Spells: 2 memorised, 12 levels left

rFire  . . .     SeeInvis .     q - staff of power
rCold  . . .     Gourm    .     (armour unavailable)
rNeg   . . .     Faith    .     (no shield)
rPois  +         Spirit   .     (helmet restricted)
rElec  .         Reflect  .     n - +0 cloak
rCorr  +         Harm     .     i - +1 pair of gloves
MR     .....                    (no boots)
Stlth  ++........               (no amulet)
                                (no ring)
                                c - ring of poison resistance

@: very slow
A: spit acid, acid resistance, unfitting armour, clever 1, weak 1, cold-blooded,
AC +6
a: Spit Acid, Renounce Religion


You were on level 5 of the Dungeon.
You worshipped Vehumet.
Vehumet was noncommittal.
You were not hungry.

You visited 2 branches of the dungeon, and saw 6 of its levels.

You collected 268 gold pieces.

Inventory:

Missiles
 k - 7 tomahawks of returning (quivered)
Armour
 i - a +1 pair of gloves (worn)
 n - a +0 cloak (worn)
Magical Staves
 q - an uncursed staff of power (weapon)
Jewellery
 c - a ring of poison resistance (left hand)
Scrolls
 g - a scroll of torment {unknown}
 o - a scroll of silence {unknown}
Potions
 d - a potion of flight {unknown}
 h - 3 potions of cure mutation {unknown}
 j - 2 potions of haste {unknown}
Books
 a - a book of Conjurations

   Spells                             Type                      Level
   a - Magic Dart                     Conjuration                  1
   b - Searing Ray                    Conjuration                  2
   c - Dazzling Spray                 Conjuration/Hexes            3
   d - Fulminant Prism                Conjuration/Hexes            4
   e - Iskenderun's Mystic Blast      Conjuration                  4
   f - Iskenderun's Battlesphere      Conjuration/Charms           5
 f - a book of Callings

   Spells                             Type                      Level
   a - Summon Small Mammal            Summoning                    1
   b - Call Imp                       Summoning                    2
   c - Call Canine Familiar           Summoning                    3
   d - Summon Guardian Golem          Hexes/Summoning              3
   e - Summon Lightning Spire         Summoning/Air                4
   f - Summon Ice Beast               Ice/Summoning                4
 m - a book of Cantrips

   Spells                             Type                      Level
   a - Confusing Touch                Hexes                        1
   b - Animate Skeleton               Necromancy                   1
   c - Summon Small Mammal            Summoning                    1
   d - Apportation                    Translocation                1
Comestibles
 b - 5 bread rations
 l - 4 chunks of flesh


   Skills:
 - Level 1.0 Fighting
   Level 2.2 Short Blades
 - Level 3.2 Dodging
 - Level 1.7 Stealth
 + Level 5.4 Spellcasting
 + Level 7.0 Conjurations
 + Level 0.6 Hexes


You had 12 spell levels left.
You knew the following spells:

 Your Spells              Type           Power        Failure   Level  Hunger
a - Magic Dart            Conj           ####         1%          1    None
b - Dazzling Spray        Conj/Hex       ###...       10%         3    ##.....


Dungeon Overview and Level Annotations

Branches:
Dungeon (5/15)             Temple (1/1) D:5

Altars:
Ashenzari
Cheibriados
Dithmenos
Elyvilon
Fedhas
Hepliaklqana
Kikubaaqudgha
Makhleb
Nemelex Xobeh
Okawaru
Qazlal
Ru
Sif Muna
Trog
Uskayaw
Vehumet
Xom
Yredelemnul
Zin
The Shining One

Annotations:
D:5 Pikel


Innate Abilities, Weirdness & Mutations

You can spit globs of acid.
You are resistant to acid.
Your golden yellow scales are hard. (AC +6)
You cannot fit into any form of body armour.
You are cold-blooded and may be slowed by cold attacks.
Your mind is acute. (Int +2)
You are weak. (Str -2)


Message History

The slave closely misses you.
Casting: Magic Dart
Confirm with . or Enter, or press ? or * to list all spells.
Aiming: Magic Dart
Press: ? - help, Shift-Dir - straight line, f/p - Pikel
Aim: Pikel, wielding a whip of freezing and wearing a robe (almost dead, unusually strong)
The magic dart hits Pikel.
Pikel is almost dead.
The slave barely misses you. Pikel misses you. The slave hits you.
* * * LOW HITPOINT WARNING * * *
Unknown command.
Casting: Magic Dart
Confirm with . or Enter, or press ? or * to list all spells.
Aiming: Magic Dart
Press: ? - help, Shift-Dir - straight line, f/p - Pikel
Aim: Pikel, wielding a whip of freezing and wearing a robe (almost dead, unusually strong)
The magic dart hits Pikel.
Pikel is almost dead.
The slave misses you. Pikel closely misses you. The slave hits you.
You die...

.##...§§..#..........#.....##....
.##....§§.#..........#.....##....
..........#..........#.....##+###
.##......>#..........#.....#.....
)##.......#..........#.....'.....
.##.......#..........#######.....
.##.......#......................
..'.......#......................
.##.......'.....@p...............
.##.......#.....Kp...............
.##########......................
.#...................##########'#
.#...................#......#...#
##...................#......#....
.....................#......#....
.....................p......#....
.....................#.....##...#


You could see Pikel and 3 slaves.

Vanquished Creatures
  The ghost of namnharef the Stinger, a novice OpTm of Cheibriados (D:5)
  An ice beast (D:5)
  A sky beast (D:5)
  A phantom (D:4)
  A scorpion (D:4)
  A crimson imp (D:5)
  A howler monkey (D:4)
  A hound (D:5)
  An orc priest (D:4)
  2 orc wizards
  A worker ant (D:4)
  A hound skeleton (D:4)
  5 adders
  An ooze (D:2)
  2 adder skeletons (D:4)
  An adder zombie (D:4)
  3 dart slugs (D:2)
  4 leopard geckos
  9 orcs
  11 giant cockroaches
  4 goblins
  10 hobgoblins
  2 jackals (D:4)
  2 quokkas
  6 bats
  4 frilled lizards
  A jackal zombie (D:5)
  11 kobolds
  7 rats
96 creatures vanquished.

Notes
Turn   | Place    | Note
-------+----------+-------------------------------------------
     0 | D:1      | KristoblXynda the Draconian Conjurer began the quest for the Orb.
     0 | D:1      | Reached XP level 1. HP: 14/14 MP: 3/3
   132 | D:1      | Reached XP level 2. HP: 18/20 MP: 5/5
  1244 | D:2      | Reached XP level 3. HP: 22/26 MP: 1/7
  1309 | D:2      | Found a white marble altar of Elyvilon.
  1616 | D:2      | Learned a level 3 spell: Dazzling Spray
  2242 | D:2      | Reached XP level 4. HP: 26/33 MP: 0/8
  2586 | D:3      | Reached skill level 5 in Conjurations
  2763 | D:3      | Found a faded altar of an unknown god.
  2837 | D:3      | Found a glowing golden altar of the Shining One.
  3021 | D:3      | Reached XP level 5. HP: 33/38 MP: 10/10
  3299 | D:4      | Reached skill level 1 in Short Blades
  3407 | D:4      | Noticed a phantom
  3438 | D:4      | Killed a phantom
  3438 | D:4      | Reached XP level 6. HP: 38/45 MP: 0/12
  3971 | D:4      | Reached skill level 6 in Conjurations
  4662 | D:5      | Entered Level 5 of the Dungeon
  4704 | D:5      | Noticed an ice beast
  4719 | D:5      | Killed an ice beast
  4719 | D:5      | Your scales start taking on a golden yellow colour.
  4719 | D:5      | Reached XP level 7. HP: 50/50 MP: 0/13
  4838 | D:5      | Noticed namnharef's ghost (novice OpTm)
  4867 | D:5      | Killed namnharef's ghost
  4867 | D:5      | Reached skill level 5 in Spellcasting
  5034 | D:5      | Found a staircase to the Ecumenical Temple.
  5035 | D:5      | Found a shadowy altar of Dithmenos.
  5043 | D:5      | Reached skill level 1 in Fighting
  5048 | D:5      | Gained mutation: Scrolls take you a little longer to read. [mutagenic meat]
  5049 | D:5      | Gained mutation: Your mind is acute. (Int +2) [mutagenic meat]
  5050 | D:5      | Lost mutation: Scrolls take you a little longer to read. [mutagenic meat]
  5051 | D:5      | Gained mutation: You are weak. (Str -2) [mutagenic meat]
  5057 | Temple   | Entered the Ecumenical Temple
  5151 | Temple   | Became a worshipper of Cheibriados the Contemplative
  5294 | D:5      | Found a bloodstained altar of Trog.
  5423 | Temple   | Fell from the grace of Cheibriados
  5423 | Temple   | Became a worshipper of Vehumet
  5499 | D:5      | Got an ichor-stained flail
  5500 | D:5      | Identified the +7 flail "Dragonbane" {crush, MR+ Str-5 Int+3 Dex+5} (You found it on level 5 of the Dungeon)
  6092 | D:5      | Reached skill level 7 in Conjurations
  6124 | D:5      | Noticed Pikel
  6140 | D:5      | Slain by a slave

Vault maps used:
D:1:      roderic_crossed_star
D:2:      kennysheep_six_static_rooms, lemuel_round_altar
D:3:      old_standard_altar, ecumenical_altar_2, serial_bayou_lake_a
D:4:      first_bread
D:5:      grunt_dithmenos_smoke, basic_altar, uniq_pikel
Temple:   minmay_crystal_spiral_temple

Skill      XL: |  1  2  3  4  5  6  7 |
---------------+----------------------+-----
Spellcasting   | 3 4 5 |  5.4
Conjurations   | 5 6 7 |  7.0
Short Blades   | 1 2 |  2.2
Dodging        | 2 3 |  3.2
Fighting       | 1 |  1.0
Stealth        | |  1.7
Hexes          | |  0.6

Action                   |  1- 3 |  4- 6 |  7- 9 || total
-------------------------+-------+-------+-------++-------
Melee: Dagger            |   156 |    58 |       ||   214
       Tailslap          |    17 |    11 |     3 ||    31
       Short sword       |       |   105 |       ||   105
       Long sword        |       |       |     6 ||     6
       Unarmed           |       |       |     5 ||     5
       Staff             |       |       |     3 ||     3
 Cast: Magic Dart        |    53 |    82 |    50 ||   185
       Dazzling Spray    |       |       |     2 ||     2
 Abil: Spit Acid         |       |       |     2 ||     2
  Use: Potion            |       |     2 |       ||     2
       Scroll            |       |     6 |     1 ||     7
 Stab: Sleeping          |     4 |     4 |       ||     8
       Distracted        |       |     1 |       ||     1
  Eat: Chunk             |     3 |     5 |     4 ||    12
       Beef jerky        |     1 |     2 |       ||     3
       Meat ration       |       |       |     1 ||     1
       Bread ration      |       |       |     1 ||     1
Armor: Skin              |    59 |    50 |    19 ||   128
Dodge: Dodged            |   108 |   107 |    37 ||   252
       Rpst.: Long sword |       |       |     5 ||     5
